 Dungeon Crawl Stone Soup version 0.19-a0-1097-g38e3b35 (webtiles) character file.

438 4thArraOfDagon the Ruffian (level 6, -2/54 HPs)
             Began as a Troll Arcane Marksman on Aug 8, 2016.
             Was an Initiate of Vehumet.
             Slain by a black bear (4 damage)
             ... on level 8 of the Dungeon.
             The game lasted 00:06:04 (1180 turns).

4thArraOfDagon the Ruffian (Troll Arcane Marksman)  Turns: 1180, Time: 00:06:04

Health: -2/54      AC:  5    Str: 20    XL:     6   Next: 69%
Magic:  6/6        EV:  8    Int: 11    God:    Vehumet [......]
Gold:   124        SH:  0    Dex:  9    Spells: 1 memorised, 6 levels left

rFire  . . .     SeeInvis .       - Unarmed
rCold  . . .     Gourm    +     a - +0 robe
rNeg   . . .     Faith    .     (no shield)
rPois  .         Spirit   .     (helmet restricted)
rElec  .         Dismiss  .     (no cloak)
rCorr  .         Reflect  .     (gloves unavailable)
SustAt .         Harm     .     (boots unavailable)
MR     .....                    (no amulet)
Stlth  +.........               (no ring)
                                n - -2 ring of evasion (curse)

@: invisible
A: unfitting armour, claws 3, fast metabolism 3, gourmand, regeneration 2,
shaggy fur 1, tough skin 2
a: Renounce Religion


You were on level 8 of the Dungeon.
You worshipped Vehumet.
Vehumet was noncommittal.
You were very full.

You visited 2 branches of the dungeon, and saw 9 of its levels.

You collected 124 gold pieces.

Inventory:

Missiles
 c - 4 large rocks (quivered)
Armour
 a - a +0 robe (worn)
Jewellery
 n - a cursed -2 ring of evasion (left claw)
Scrolls
 g - 3 scrolls of remove curse {unknown}
 j - 2 scrolls of recharging {unknown}
 k - a scroll of magic mapping {unknown}
 m - 2 scrolls of teleportation {unknown}
 o - a scroll of identify {unknown}
Potions
 e - a potion of invisibility
 h - 2 potions of curing {unknown}
 i - a potion of cancellation
 l - a potion of magic {unknown}
Books
 b - a book of Debilitation

   Spells                             Type                      Level
   a - Corona                         Hexes                        1
   b - Slow                           Hexes                        2
   c - Gell's Gravitas                Hexes/Translocation          3
   d - Inner Flame                    Hexes/Fire                   3
   e - Cause Fear                     Hexes                        4
   f - Leda's Liquefaction            Hexes/Earth                  4
Comestibles
 f - 6 bread rations


   Skills:
 - Level 0.7 Fighting
 - Level 1.7 Throwing
 - Level 1.5 Dodging
 * Level 6.3 Unarmed Combat
 - Level 1.0 Spellcasting
 - Level 2.0 Hexes
 - Level 1.7 Evocations


You had 6 spell levels left.
You knew the following spells:

 Your Spells              Type           Power        Failure   Level  Hunger
a - Corona                Hex            #......      17%         1    ##.....


Dungeon Overview and Level Annotations

Branches:
Dungeon (8/15)             Temple (1/1) D:6
   Lair: D:8-11

Altars:
Ashenzari
Dithmenos
Elyvilon
Gozag
Hepliaklqana
Kikubaaqudgha
Nemelex Xobeh
Pakellas
Qazlal
Sif Muna
Uskayaw
Vehumet
Xom
Yredelemnul
Zin
The Shining One

Shops:
D:6 =


Innate Abilities, Weirdness & Mutations

You are too large for most types of armour.
You have claws for hands.
Your metabolism is lightning-fast.
You like to eat raw meat.
You heal very quickly.
You are covered in fur. (AC +1)
You have very tough skin. (AC +2)


Message History

The black bear bites you but does no damage.
The black bear claws you!
* * * LOW HITPOINT WARNING * * *
The black bear barely misses you.
Unknown command.
Unknown command.
Unknown command.
Unknown command.
It was a potion of cancellation.
You feel magically purged. The black bear barely misses you.
The black bear claws you.
* * * LOW HITPOINT WARNING * * *
The black bear claws you.
* * * LOW HITPOINT WARNING * * *
Unknown command.
Unknown command.
Unknown command.
It was a potion of invisibility.
You fade into invisibility!
The black bear completely misses you. The black bear claws you.
You die...

......#.# #?..?...####
#..........# #h##....#
#.##....## ####.......h#
. #.5....#.#.....
....######.##.#.#.......
#.....@h.....(....###.
......####.##.#.#####
..#.. ##.#.##.#.# ##
#...<.....# #.....##.###
#.........# ##........#
##...###.# ##.# .#


You could see a black bear (berserk) and a shadow imp.

Vanquished Creatures
  An orc warrior (D:6)
  A giant frog (D:6)
  3 orc priests
  A hound (D:8)
  An orc wizard (D:5)
  An iguana (D:4)
  8 adders
  3 giant geckos
  6 orcs
  A ball python (D:5)
  3 goblins
  A hobgoblin (D:2)
  4 jackals (D:1)
  A kobold (D:2)
  A quokka (D:2)
  2 bats
  A giant gecko zombie (D:4)
  2 rats
41 creatures vanquished.

Vanquished Creatures (others)
  A wolf spider (D:3)
1 creature vanquished.

Grand Total: 42 creatures vanquished

Notes
Turn   | Place    | Note
-------+----------+-------------------------------------------
     0 | D:1      | 4thArraOfDagon the Troll Arcane Marksman began the quest for the Orb.
     0 | D:1      | Reached XP level 1. HP: 18/18 MP: 1/1
    89 | D:1      | Reached skill level 1 in Unarmed Combat
   150 | D:2      | Reached skill level 2 in Unarmed Combat
   150 | D:2      | Reached XP level 2. HP: 6/26 MP: 2/2
   177 | D:2      | lets just win
   198 | D:2      | Reached XP level 3. HP: 21/32 MP: 3/3
   228 | D:2      | with 1st god
   395 | D:3      | Found an oddly glowing altar of Pakellas.
   395 | D:3      | Noticed a wolf spider
   407 | D:3      | ok?
   407 | D:3      | Killed a wolf spider
   408 | D:3      | Noticed a toenail golem
   410 | D:3      | Became a worshipper of Pakellas the Inventive
   480 | D:3      | Reached skill level 3 in Unarmed Combat
   590 | D:4      | Reached XP level 4. HP: 28/40 MP: 4/4
   620 | D:4      | Reached skill level 4 in Unarmed Combat
   640 | D:5      | Entered Level 5 of the Dungeon
   687 | D:5      | Reached skill level 1 in Evocations
   687 | D:5      | Reached XP level 5. HP: 33/46 MP: 5/5
   796 | D:6      | Found a staircase to the Ecumenical Temple.
   806 | D:6      | Found Zilif's Jewellery Emporium.
   824 | Temple   | Entered the Ecumenical Temple
   838 | Temple   | Fell from the grace of Pakellas
   838 | Temple   | Became a worshipper of Vehumet
  1016 | D:6      | Noticed an orc warrior
  1033 | D:6      | Killed an orc warrior
  1033 | D:6      | Reached skill level 5 in Unarmed Combat
  1033 | D:6      | Reached XP level 6. HP: 53/54 MP: 6/6
  1101 | D:6      | Reached skill level 6 in Unarmed Combat
  1179 | D:8      | HP: 2/54 [black bear (5)]
  1180 | D:8      | Slain by a black bear

Vault maps used:
D:1:      dpeg_arrival_snail, minmay_pentomino_o4
D:2:      nicolae_overflow_hidden_temple
D:3:      lightli_temple_of_fire, first_bread, wad_floor_pattern_1,
          gammafunk_pakellas_its_alive
D:4:      serial_shops, kennysheep_little_box
D:6:      minmay_overflow_temple_star_quad, serial_shops,
          nicolae_shop_competitors_out_of_business,
          hangedman_decor_clover_reticule, feat_on_display
D:7:      the_bakery, uniq_joseph
D:8:      special_room, serial_shops, shop
Temple:   lightli_temple_of_artemis

Skill      XL: |  1  2  3  4  5  6 |
---------------+-------------------+-----
Unarmed Combat | 2 3 4 5 6 |  6.3
Evocations     | 1 |  1.7
Fighting       | |  0.7
Throwing       | |  1.7
Dodging        | |  1.5
Spellcasting   | |  1.0
Hexes          | |  2.0

Action                   |  1- 3 |  4- 6 || total
-------------------------+-------+-------++-------
Melee: Unarmed           |    77 |    83 ||   160
       Punch             |     1 |     2 ||     3
Throw: Throwing net      |       |     3 ||     3
  Use: Potion            |       |     2 ||     2
 Stab: Held in net/web   |       |     2 ||     2
  Eat: Chunk             |     8 |     7 ||    15
Armor: Robe              |    45 |    41 ||    86
Dodge: Dodged            |    72 |    43 ||   115
